 Dungeon Crawl Stone Soup version 0.17-a0-1718-g72dbe4d (webtiles) character file.

1723614 kroki the Skullcrusher (level 27, 243/323 HPs)
             Began as an Ogre Berserker on Aug 26, 2015.
             Was a High Priest of Trog.
             Escaped with the Orb
             ... and 3 runes!
             The game lasted 02:45:13 (67661 turns).

kroki the Skullcrusher (Ogre Berserker)            Turns: 67661, Time: 02:45:13

Health: 243/323    AC: 37    Str: 34      XL:     27
Magic:  7/7        EV: 25    Int:  6 (8)  God:    Trog [*****.]
Gold:   1774       SH:  0    Dex: 18      Spells: 0 memorised, 26 levels left

rFire  + . .     SeeInvis +     P - +7 giant spiked club of Kiovvefe {antimagic, rC+ Str-4 Stlth+}
rCold  + + +     Clarity  .     h - +10 pearl dragon armour {rN+}
rNeg   + . .     SustAt   .     (no shield)
rPois  .         Gourm    .     T - +3 crown of Dyrovepreva {rElec Int+2 SInv}
rElec  +         Spirit   .     A - +2 cloak of the Countless Eyes {rC+ Str+3 Stlth+}
rCorr  .         Warding  .     (gloves unavailable)
rMut   +         Stasis   .     (boots unavailable)
MR     ++++.                    Y - amulet of resist mutation {rMut, !d}
Stlth  +.........               L - ring of Miwam {+Blink rElec rC+ MR+}
                                k - ring "Wuiseol" {rElec rF+ MR+ SInv}

@: mighty, contaminated, hasted (expiring), glowing, very quick, incredibly
resistant to hostile enchantments, very unstealthy
A: unfitting armour, fangs 1, tough skin 1, no device heal 1
a: Burn Spellbooks, Berserk, Trog's Hand, Brothers in Arms, Renounce Religion,
Evoke Blink
0: Orb of Zot
}: 3/15 runes: barnacled, silver, gossamer


You escaped.
You worshipped Trog.
Trog was extremely pleased with you.
You were not hungry.

You visited 11 branches of the dungeon, and saw 57 of its levels.
You visited the Abyss 1 time.
You visited 1 ziggurat, and saw 9 of its levels.
You also visited: Labyrinth, Ice Cave and Volcano.

You collected 7418 gold pieces.
You spent 5644 gold pieces at shops.

Inventory:

Hand weapons
 C - a +8 vampiric giant spiked club {!w}
   (You took it off an ogre on level 6 of the Dungeon)
 P - the +7 giant spiked club of Kiovvefe (weapon) {antimagic, rC+ Str-4 Stlth+}
   (Trog gifted it to you on level 4 of the Lair of Beasts)

   It disrupts the flow of magical energy around spellcasters and certain
   magical creatures (including the wielder).
   It affects your strength (-4).
   It protects you from cold.
   It makes you more stealthy.
Missiles
 i - 2 throwing nets {=f, !d}
 z - 119 large rocks (quivered) {!d}
Armour
 h - a +10 pearl dragon armour (worn) {rN+}
   (You acquired it on level 2 of the Elven Halls)
 A - the +2 cloak of the Countless Eyes (worn) {rC+ Str+3 Stlth+}
   (You acquired it on level 3 of the Crypt)

   It affects your strength (+3).
   It protects you from cold.
   It makes you more stealthy.
 F - a +1 cloak
   (You took it off a draconian shifter on level 5 of the Realm of Zot)
 T - the +3 crown of Dyrovepreva (worn) {rElec Int+2 SInv}
   (You found it in a labyrinth)

   It affects your intelligence (+2).
   It insulates you from electricity.
   It lets you see invisible.
Jewellery
 k - the ring "Wuiseol" (left hand) {rElec rF+ MR+ SInv}
   (You took it off a hell knight on level 2 of the Depths)

   [ring of see invisible]

   It protects you from fire.
   It insulates you from electricity.
   It affects your resistance to hostile enchantments.
   It lets you see invisible.
 D - the amulet of the Air {Inacc +Fly rElec EV+5 RMsl}
   (You found it on level 9 of a ziggurat)

   [amulet of inaccuracy]

   It reduces the accuracy of all your attacks.
   It affects your evasion (+5).
   It insulates you from electricity.
   It lets you fly.
   It protects you from missiles.
 I - an uncursed ring of poison resistance {rPois, !d}
   (You found it on level 10 of the Dungeon)
 L - the ring of Miwam (right hand) {+Blink rElec rC+ MR+}
   (You found it on level 14 of the Dungeon)

   [ring of protection from magic]

   It protects you from cold.
   It insulates you from electricity.
   It affects your resistance to hostile enchantments.
   It lets you blink.
 R - an uncursed ring of fire {unknown}
   (You found it on level 5 of the Depths)
 Y - an amulet of resist mutation (around neck) {rMut, !d}
   (You found it on level 8 of the Lair of Beasts)
Magical devices
 n - a wand of slowing (30)
   (You found it on level 9 of the Dungeon)
 q - a wand of hasting (4)
   (You took it off Josephine on level 11 of the Dungeon)
 r - a wand of invisibility (2)
   (You found it on level 1 of the Shoals)
 v - a wand of teleportation (1)
   (You found it on level 12 of the Dungeon)
 y - a wand of heal wounds (2)
   (You found it on level 6 of the Lair of Beasts)
 J - a wand of teleportation (2)
   (You found it on level 2 of the Lair of Beasts)
 K - a wand of heal wounds (4)
   (You found it on level 2 of the Shoals)
 Q - a wand of disintegration (9)
   (You found it on level 3 of the Lair of Beasts)
 X - a wand of teleportation (3)
   (You took it off a merfolk on level 4 of the Shoals)
Scrolls
 a - 2 scrolls of brand weapon
 c - 5 scrolls of enchant armour
 e - 20 scrolls of remove curse
 j - 3 scrolls of blinking {!r}
 m - 2 scrolls of immolation {!r}
 t - 10 scrolls of recharging
 u - 5 scrolls of fog
 E - 4 scrolls of teleportation
 G - 2 scrolls of magic mapping {!r}
 N - 7 scrolls of fear
 O - 7 scrolls of identify
 S - 2 scrolls of holy word {!r}
 V - 4 scrolls of silence
Potions
 b - 6 potions of agility
 d - 7 potions of resistance
 g - 21 potions of curing
 l - a potion of cure mutation {!q}
 o - 2 potions of magic
 s - 3 potions of brilliance
 x - a potion of flight
 B - 4 potions of might
 H - 2 potions of haste
 M - 7 potions of heal wounds
 U - 4 potions of cancellation
 W - a potion of berserk rage {!q}
Miscellaneous
 f - a legendary deck of escape {the Cloud}
   (You found it on level 3 of the Vaults)
 p - a sack of spiders
   (You found it on level 4 of a ziggurat)
Comestibles
 w - a bread ration {@e1}
 Z - 22 meat rations {@e2}


   Skills:
 O Level 27 Fighting
 O Level 27 Maces & Flails
 + Level 20.6 Armour
 + Level 23.9 Dodging


You had 26 spell levels left.
You didn't know any spells.

Dungeon Overview and Level Annotations

Branches:
Dungeon (15/15)            Temple (0/1) D:4            Lair (8/8) D:8
 Shoals (4/4) Lair:3       Spider (4/4) Lair:5        Slime (0/6) Lair:7
    Orc (4/4) D:12            Elf (3/3) Orc:4        Vaults (5/5) D:13
  Crypt (3/3) Vaults:2       Tomb (0/3) Crypt:3      Depths (5/5) D:15
   Hell (1/1)                 Zot (5/5) Depths:5
    Dis: Hell:1         Geh: Hell:1         Coc: Hell:1         Tar: Hell:1

Altars:
Cheibriados
Dithmenos
Elyvilon
Gozag
Kikubaaqudgha
Makhleb
Ru
Sif Muna
Trog
Zin
The Shining One
Jiyva

Shops:
D:4 ?   D:6 (   D:9 ?   D:13 [*   Orc:4 [!(}}[*[[   Elf:2 ?   Elf:3 *([?
Vaults:2 [   Vaults:5 %!?!??%![   Depths:1 *%   Depths:4 **

Portals:
Hell: Depths:1 Depths:2 Depths:3 Depths:4 Depths:5
Abyss: Depths:4
Pandemonium: Depths:2 Depths:3 Depths:4 Depths:5

Annotations:
Depths:3 exclusion: orange crystal statue
Depths:4 2 runed doors
Hell Geryon


Innate Abilities, Weirdness & Mutations

You are too large for most types of armour.
You have tough skin (AC +1).
You have very sharp teeth.
Potions and wands are less effective at restoring your health.


Message History

Where to? (Enter - D:1, ? - help)
What level of the Dungeon? (default 1, ? - help) Xaottele comes into view.
Unknown command.
A worker ant comes into view.
The worker ant twitches its antennae in your direction.
Unknown command.
Unknown command.
A ynoxinul comes into view.
There is a stone staircase leading up here.
You climb upwards.
There is a stone staircase leading down here.
Unknown command.
Unknown command.
(D) Dungeon (T) Temple (L) Lair (A) Shoals (N) Spider Nest (M) Slime Pits (O) Orcish Mines (E) Elven Halls (V) Vaults (C) Crypt (W) Tomb (U) Depths (H) Hell (Z) Zot
Where to? (Enter - D:1, ? - help)
What level of the Dungeon? (default 1, ? - help)
Your extra speed is starting to run out.
Things that are here:
a leather armour; a short sword You feel yourself slow down.
There is a stone staircase leading up here.
You climb upwards.
There is a stone staircase leading down here.
Your body shudders with the violent release of wild energies!
The magical storm engulfs you!
You feel odd for a moment.
Unknown command.
Unknown command.
Unknown command.
Unknown command.
You regained 10 hp, and now have 226/323 hp.
Unknown command.
Unknown command.
You feel yourself speed up.
This wand has 4 charges left.
(D) Dungeon (T) Temple (L) Lair (A) Shoals (N) Spider Nest (M) Slime Pits (O) Orcish Mines (E) Elven Halls (V) Vaults (C) Crypt (W) Tomb (U) Depths (H) Hell (Z) Zot
Where to? (Enter - D:1, ? - help)
What level of the Dungeon? (default 1, ? - help)
A shadow demon comes into view.
The shadow demon croaks.
There is a stone staircase leading up here.
You regained 2 hp, and now have 229/323 hp.
The shadow demon gestures.
You are too injured to fight recklessly!
The shadow demon gestures.
The goblin closely misses you.
The shadow demon gestures.
The hobgoblin closely misses you. The goblin closely misses you.
You spit the shadow demon like a pig!!!!
You kill the shadow demon!
Trog accepts your kill.
The goblin dissolves into shadows!
The hobgoblin dissolves into shadows!
The red devil disappears in a puff of smoke!
The hellwing disappears in a puff of smoke!
The goblin dissolves into shadows!
Unknown command.
(D) Dungeon (T) Temple (L) Lair (A) Shoals (N) Spider Nest (M) Slime Pits (O) Orcish Mines (E) Elven Halls (V) Vaults (C) Crypt (W) Tomb (U) Depths (H) Hell (Z) Zot
Where to? (Enter - D:1, ? - help)
There is a stone staircase leading up here.
You climb upwards.
There is a stone staircase leading down here.
You regained 4 hp, and now have 236/323 hp.
Unknown command.
Unknown command.
Unknown command.
Drink which item? (? for menu, Esc to quit)
Really quaff
l - 2 potions of cure mutation {!q}? [Y]es or [N]o only, please.
Really quaff
l - 2 potions of cure mutation {!q}? [Y]es or [N]o only, please.
Really quaff
l - 2 potions of cure mutation {!q}?
It has a very clean taste.
You feel more energetic.
You feel agile.
You feel agile.
Your thinking seems confused.
Your body's shape seems more normal.
Unknown command.
(D) Dungeon (T) Temple (L) Lair (A) Shoals (N) Spider Nest (M) Slime Pits (O) Orcish Mines (E) Elven Halls (V) Vaults (C) Crypt (W) Tomb (U) Depths (H) Hell (Z) Zot
Where to? (Enter - D:1, ? - help)
What level of the Dungeon? (default 1, ? - help) You're already here!
There is an open door here.
There is an open gate here.
Your extra speed is starting to run out.
There is a staircase leading out of the dungeon here.
You regained 7 hp, and now have 243/323 hp.
MP restored: 7 Unknown command.
Unknown command.
You have escaped!

###### #.#.8#
#..#'### #######
#@.#'..# #.....#
#..#'#.# #.....#
#.#.8#.#####.....#
######...........#
####............
#.........#'##+#
#...............
#.)...........>.
####.#..........


There were no monsters in sight!

Vanquished Creatures
  2 orbs of fire (Zot:5)
  7 ancient liches
  Mara (Crypt:1)
  Sojobo (Vaults:3)
  The ghost of kroki the Slayer, a great DrBe of Makhleb (Vaults:5)
  A Killer Klown (Zot:5)
  Norris (Elf:2)
  A curse toe (Crypt:3)
  A pandemonium lord (D:4)
  8 golden dragons
  5 bone dragons
  Arachne (Spider:2)
  2 electric golems
  Jorgrun (Elf:2)
  Rupert (D:13)
  4 tentacled monstrosities
  26 Orb Guardians
  The ghost of ololoev the Scorcher, a mighty DrCK of Zin (Elf:3)
  A deep elf blademaster (Elf:2)
  The ghost of Charly the Bludgeoner, a mighty OgSk of Makhleb (Spider:4)
  A lich (Crypt:3)
  2 acid blobs (Zig:5)
  3 titans (Vaults:5)
  4 sphinxes
  2 deep elf master archers (Elf:3)
  A Shadow Fiend (Depths:3)
  A death cob (Zot:2)
  2 krakens (Shoals:4)
  6 ancient champions
  Frances (Shoals:1)
  Kirke (D:14)
  The ghost of kae the Minotaur Blade, a mighty MiFi of Qazlal (Elf:3)
  6 storm dragons
  A draconian monk (Zot:5)
  6 shadow dragons
  8 tengu reavers
  10 frost giants
  Ilsuiw (Shoals:4)
  2 revenants
  3 iron dragons
  9 fire giants
  6 ghost moths
  Maud (D:14)
  3 draconian knights
  2 draconian shifters
  Louise (D:15)
  2 draconian scorchers
  9 vault wardens
  7 emperor scorpions
  A curse skull (Crypt:1)
  14 deep elf sorcerers
  A cacodemon (Depths:4)
  A caustic shrike zombie (Zig:8)
  4 ghouls
  2 draconian annihilators
  22 stone giants
  2 spriggan defenders (Depths:4)
  19 very ugly things
  2 draconian callers
  13 ironheart preservers
  3 war gargoyles
  6 vampire knights
  3 green draconians
  10 deep elf demonologists
  6 black draconians
  6 yellow draconians
  8 deep elf annihilators
  4 purple draconians (Depths:5)
  Azrael (D:13)
  3 red draconians
  4 mottled draconians
  2 salamander stormcallers
  4 white draconians
  2 merfolk javelineers
  Snorg (Lair:7)
  7 jiangshi
  A minotaur (Lab)
  20 deep elf death magi
  A crystal guardian (Vaults:4)
  25 vault guards
  13 fire dragons
  9 merfolk impalers
  6 eidola
  11 ettins
  A mummy priest (Zig:1)
  2 rakshasas
  Josephine (D:11)
  6 deep elf high priests
  6 entropy weavers
  8 great orbs of eyes
  18 yaktaur captains
  Fannar (D:11)
  18 ice dragons
  Harold (D:12)
  Erolcha (D:13)
  3 spriggan air magi
  3 death knights
  6 hydras
  7 catoblepae
  12 deep troll earth magi
  5 merfolk aquamancers
  5 merfolk avatars
  20 ogre magi
  9 centaur warriors
  21 dancing weapons
  4 satyrs
  4 tengu warriors
  5 deep troll shamans
  2 spriggan berserkers (Depths:2)
  5 vampire magi
  2 titan zombies
  5 soul eaters
  4 orc high priests (Orc:4)
  15 death yaks
  2 large abominations (Vaults:1)
  Urug (Lair:4)
  3 small abominations
  A storm dragon zombie (Vaults:3)
  Sonja (Orc:2)
  2 sun demons
  19 deep elf knights
  3 hell knights
  A thrashing horror (Abyss:1)
  A wizard (Depths:2)
  5 hell hogs
  3 shadow wraiths
  A spectral anaconda (Depths:3)
  7 deep elf summoners
  3 shadow demons
  2 flayed ghosts
  4 iron trolls
  A giant orange brain (shapeshifter) (Depths:3)
  15 skeletal warriors
  A golden dragon zombie (Depths:1)
  7 sea snakes
  An unseen horror (shapeshifter) (Vaults:5)
  A death drake (Depths:3)
  A salamander mystic (Depths:1)
  A swamp dragon (shapeshifter) (Vaults:5)
  An ice statue (IceCv)
  18 harpies
  22 deep trolls
  2 giant orange brains
  12 orc knights
  2 unseen horrors
  13 ironbrand convokers
  11 phantasmal warriors
  2 anubis guards (shapeshifter)
  27 wolf spiders
  2 mana vipers (Depths:3)
  6 necromancers
  10 water nymphs
  14 griffons
  6 orc sorcerers
  45 ugly things
  25 deep elf conjurers
  A sphinx zombie (Zig:8)
  A wolf spider zombie (D:15)
  10 fauns
  2 shadow dragon skeletons (Zig:9)
  11 hill giants
  12 hornets
  A worldbinder (Abyss:1)
  5 cyclopes
  A frost giant zombie (Vaults:2)
  An elephant (shapeshifter) (Vaults:4)
  2 shining eyes (Zig:5)
  10 manticores
  2 fire giant zombies
  2 stone giant zombies
  10 orb spiders
  A guardian serpent (shapeshifter) (Depths:5)
  A spriggan zombie (Zig:9)
  5 salamanders (Depths:1)
  15 vault sentinels
  Maurice (D:11)
  3 fire giant skeletons
  A frost giant skeleton (Zig:8)
  An orc zombie (Vaults:2)
  5 moths of wrath
  4 centaur zombies
  2 sixfirhies
  8 elephants
  2 guardian serpents (D:10)
  2 orange demons
  3 torpor snails
  10 black mambas
  11 sirens
  2 rust devils
  A hellion (Depths:5)
  Psyche (D:9)
  An orange crystal statue (Depths:3)
  7 centaur skeletons
  11 spiny frogs
  A black mamba (shapeshifter) (Vaults:2)
  A dire elephant skeleton (Crypt:3)
  3 fire drakes
  8 swamp worm zombies (Crypt:1)
  2 tormentors
  47 yaktaurs
  3 kobold demonologists
  4 human zombies
  2 gargoyles
  2 redback zombies
  A black draconian zombie (Crypt:3)
  7 komodo dragons
  A guardian mummy (Zig:1)
  2 yaktaurs (shapeshifter)
  29 jumping spiders
  A harpy zombie (D:15)
  A yaktaur skeleton (Vaults:4)
  19 deep elf priests
  30 two-headed ogres
  15 polar bears (IceCv)
  A red devil (Zot:4)
  3 blue devils
  3 wind drakes
  2 anaconda simulacra (Depths:3)
  A merfolk (shapeshifter) (Vaults:2)
  7 tengu conjurers
  6 freezing wraiths
  A raiju (Depths:3)
  2 silent spectres (Zig:8)
  11 demonic crawlers
  39 merfolk
  A shadow dragon simulacrum (Vaults:5)
  19 slime creatures
  5 trolls
  2 jumping spiders (shapeshifter) (Depths:5)
  A wind drake (shapeshifter) (D:15)
  A raiju (shapeshifter) (Elf:3)
  A hornet zombie (Crypt:3)
  20 snapping turtles
  20 blink frogs
  An ushabti (Zig:2)
  3 boulder beetles
  A fire dragon zombie (Crypt:3)
  An ice dragon zombie (Crypt:2)
  8 shadows
  9 flying skulls (Crypt:1)
  An ettin skeleton (Zig:9)
  41 yaks
  A griffon skeleton (Crypt:3)
  12 wraiths
  2 wyverns
  43 redbacks
  3 air elementals (Depths:4)
  16 trapdoor spiders
  An elf skeleton (Vaults:5)
  3 vampires
  14 water elementals
  A snapping turtle (shapeshifter) (Depths:2)
  18 tarantellas
  3 fire elementals (D:13)
  5 hogs (D:13)
  44 deep elf fighters
  2 basilisks
  31 deep elf magi
  A trapdoor spider (shapeshifter) (Vaults:5)
  2 hungry ghosts (D:10)
  24 vampire mosquitoes
  A black mamba skeleton (Crypt:1)
  5 fire bats
  A steam dragon (D:10)
  A mottled dragon (shapeshifter) (Depths:3)
  A hippogriff (shapeshifter) (Vaults:5)
  3 mottled dragons
  5 neqoxecs
  A wolf (shapeshifter) (Vaults:5)
  A human simulacrum (Vaults:5)
  An insubstantial wisp (Lair:2)
  A soldier ant (D:14)
  7 hippogriffs
  31 wolves
  7 hell hounds
  9 wargs
  A torturous demonspawn zombie (Crypt:2)
  2 deep troll skeletons
  A water nymph skeleton (Crypt:3)
  A minotaur simulacrum (Depths:3)
  2 spectral trolls (Depths:3)
  7 spiders
  14 porcupines
  2 spectral spriggans (Depths:3)
  21 water moccasins
  5 sky beasts
  9 ice beasts
  3 black bears
  49 orc warriors
  2 eyes of draining
  66 ogres
  4 necrophages
  A swamp dragon zombie (Crypt:2)
  18 crocodiles
  8 centaurs
  2 snapping turtle zombies (Depths:3)
  A phantom (Zig:9)
  A swamp dragon skeleton (Crypt:3)
  2 brain worms
  A yaktaur zombie (Crypt:1)
  4 big kobolds
  24 giant frogs
  Blork the orc (D:6)
  A fire drake skeleton (Crypt:1)
  A giant frog (shapeshifter) (Depths:1)
  3 wyvern zombies
  A water moccasin zombie (D:11)
  A gnoll sergeant (D:10)
  A deep troll simulacrum (Vaults:2)
  A scorpion (D:11)
  2 merfolk simulacra (Depths:3)
  2 wyvern skeletons
  A troll skeleton (D:13)
  3 spectral ogres (Depths:3)
  20 killer bees
  5 spectral nagas (Depths:3)
  25 wights
  A hippogriff skeleton (Crypt:1)
  2 yaktaur simulacra
  A spriggan skeleton (D:13)
  7 crimson imps
  43 orc priests
  2 spectral centaurs (Depths:3)
  9 lava snakes
  An iron imp (Depths:4)
  8 jellies
  A gnoll shaman (Zig:4)
  6 hounds
  41 orc wizards
  15 iguanas
  A porcupine zombie (Crypt:1)
  6 quasits
  A basilisk skeleton (Crypt:3)
  8 worker ants
  34 sheep
  2 spriggan simulacra (Depths:3)
  A killer bee zombie (D:11)
  A deep dwarf zombie (Crypt:2)
  A hound skeleton (D:6)
  4 mummies
  6 adders
  65 river rats
  7 gnolls
  8 shadow imps
  A steam dragon skeleton (Crypt:3)
  An ufetubus (D:14)
  A giant eyeball (Depths:3)
  An adder zombie (D:5)
  An iguana zombie (Crypt:1)
  3 oozes
  An adder skeleton (D:4)
  2 worms
  3 giant geckos
  222 orcs
  2 ball pythons
  7 bats
  6 goblins
  7 hobgoblins
  10 jackals
  16 kobolds
  6 quokkas
  A river rat zombie (Crypt:2)
  7 giant cockroaches
  2 giant newts
  A goblin skeleton (D:7)
  A goblin zombie (D:7)
  6 hobgoblin zombies (D:7)
  A jackal zombie (D:8)
  2 kobold skeletons (D:7)
  2 kobold zombies (D:7)
  2 orc skeletons
  3 quokka skeletons
  A quokka zombie (D:7)
  8 rats
  4 crawling corpses
  2 fungi
  4 plants
2709 creatures vanquished.

Vanquished Creatures (collateral kills)
  An ancient champion (Crypt:2)
  A titan (Vaults:5)
  A shadow dragon (Vaults:5)
  A fire giant (Vaults:5)
  A ghost moth (Spider:4)
  An iron dragon (Vaults:5)
  A vault warden (Vaults:5)
  A very ugly thing (Vaults:5)
  A stone giant (Vaults:5)
  A deep elf demonologist (Vaults:5)
  2 yaktaur captains (Vaults:5)
  An ettin (Vaults:5)
  A fire crab (shapeshifter) (Vaults:5)
  2 skeletal warriors (Crypt:2)
  A deep troll (Vaults:5)
  An ironbrand convoker (Vaults:5)
  A phantasmal warrior (Vaults:5)
  2 orb spiders (Spider:4)
  A wolf spider (Vaults:5)
  A vault sentinel (Vaults:5)
  A yaktaur (Vaults:5)
  3 freezing wraiths
  A trapdoor spider (Spider:4)
  A hill giant zombie (Crypt:2)
  2 ice beasts (Lair:7)
  2 ogres (Vaults:5)
  A crocodile (Lair:5)
  A raiju zombie (Crypt:2)
35 creatures vanquished.

Vanquished Creatures (others)
  A purple draconian (Zot:2)
  A merfolk javelineer (Shoals:4)
  A merfolk impaler (Shoals:4)
  An ogre mage (Depths:1)
  2 deep elf conjurers
  An orc sorcerer (Vaults:5)
  An orc knight (Vaults:5)
  A centaur skeleton (D:13)
  A tengu conjurer (Depths:3)
  A chaos spawn (D:10)
  2 wargs (Depths:3)
  An ogre (shapeshifter) (Depths:2)
  An ogre (Depths:2)
  An orc priest (Vaults:5)
  2 orcs
  30 fungi
  5 lost souls
  29 plants
  6 tentacles (Shoals:4)
  56 tentacle segments (Shoals:4)
144 creatures vanquished.

Grand Total: 2888 creatures vanquished

Notes
Turn   | Place    | Note
--------------------------------------------------------------
     0 | D:1      | kroki the Ogre Berserker began the quest for the Orb.
     0 | D:1      | Reached XP level 1. HP: 24/24 MP: 1/1
   179 | D:1      | Reached XP level 2. HP: 28/32 MP: 2/2
   246 | D:1      | Reached skill level 5 in Maces & Flails
   452 | D:1      | Acquired Trog's second power
   481 | D:1      | Reached XP level 3. HP: 15/39 MP: 3/3
  1338 | D:2      | Found a sacrificial altar of Ru.
  1382 | D:2      | Reached skill level 6 in Maces & Flails
  1711 | D:3      | Reached XP level 4. HP: 21/48 MP: 4/4
  1713 | D:3      | HP: 10/48 [adder (4)]
  1718 | D:3      | HP: 10/48 [poisoned by an adder]
  1973 | D:3      | Found a white marble altar of Elyvilon.
  2175 | D:3      | Reached skill level 7 in Maces & Flails
  2507 | D:4      | Found a staircase to the Ecumenical Temple.
  2601 | D:4      | Reached XP level 5. HP: 54/54 MP: 5/5
  2635 | D:4      | Noticed an ogre
  2646 | D:4      | Killed an ogre
  2646 | D:4      | Reached skill level 8 in Maces & Flails
  2647 | D:4      | Noticed an ogre
  2653 | D:4      | Killed an ogre
  2653 | D:4      | Reached skill level 9 in Maces & Flails
  2653 | D:4      | Reached XP level 6. HP: 58/62 MP: 6/6
  2851 | D:4      | Found a sacrificial altar of Ru.
  2932 | D:4      | Found Zyer's Magic Scroll Shop.
  2935 | D:4      | Found a snail-covered altar of Cheibriados.
  2938 | D:4      | Bought a scroll of identify for 28 gold pieces
  2938 | D:4      | Bought a scroll of magic mapping for 49 gold pieces
  2938 | D:4      | Bought a scroll of identify for 28 gold pieces
  3170 | D:4      | Found a glowing silver altar of Zin.
  3171 | D:4      | Found an opulent altar of Gozag.
  3300 | D:5      | Entered Level 5 of the Dungeon
  3311 | D:5      | Got a warped cloak
  3312 | D:5      | Identified the +1 cloak of Mecsycu {-Cast rN++ Int+6} (You found it on level 5 of the Dungeon)
  3918 | D:6      | Reached skill level 10 in Maces & Flails
  3918 | D:6      | Reached XP level 7. HP: 51/70 MP: 4/7
  4113 | D:6      | Reached skill level 11 in Maces & Flails
  4206 | D:6      | Reached XP level 8. HP: 54/78 MP: 6/8
  4352 | D:6      | Reached skill level 12 in Maces & Flails
  4632 | D:6      | Found Aciryz's Weapon Boutique.
  4638 | D:6      | Noticed a wyvern
  4643 | D:6      | Killed a wyvern
  4643 | D:6      | Reached skill level 5 in Fighting
  4756 | D:6      | Noticed Blork the orc
  4761 | D:6      | Killed Blork the orc
  4769 | D:6      | Acquired Trog's third power
  4769 | D:6      | Reached skill level 6 in Fighting
  4769 | D:6      | Reached skill level 13 in Maces & Flails
  4878 | D:7      | Received a gift from Trog
  5010 | D:7      | Reached XP level 9. HP: 92/92 MP: 7/9
  5109 | D:7      | Found a glowing golden altar of the Shining One.
  5169 | D:7      | Reached skill level 7 in Fighting
  5803 | D:8      | Reached skill level 8 in Fighting
  5973 | D:8      | Found an ancient bone altar of Kikubaaqudgha.
  6244 | D:8      | Found a staircase to the Lair.
  6254 | Lair:1   | Entered Level 1 of the Lair of Beasts
  6312 | Lair:1   | Reached skill level 14 in Maces & Flails
  6347 | Lair:1   | Noticed a fire drake
  6520 | Lair:1   | Reached skill level 9 in Fighting
  7225 | Lair:1   | Killed a fire drake
  7349 | Lair:2   | Reached skill level 10 in Fighting
  7352 | Lair:2   | Reached XP level 10. HP: 97/110 MP: 6/10
  7559 | Lair:2   | Reached skill level 15 in Maces & Flails
  7674 | Lair:2   | Received a gift from Trog
  8302 | Lair:2   | Reached skill level 11 in Fighting
  8643 | Lair:2   | Noticed a griffon
  8684 | Lair:2   | Killed a griffon
  9078 | Lair:2   | Reached skill level 16 in Maces & Flails
  9261 | Lair:2   | Reached skill level 12 in Fighting
  9265 | Lair:2   | Reached skill level 3 in Dodging
  9841 | Lair:3   | Reached XP level 11. HP: 124/124 MP: 3/11
 10033 | Lair:3   | Reached skill level 4 in Dodging
 10347 | Lair:3   | Found a staircase to the Shoals.
 10676 | Lair:3   | Noticed a black mamba
 10685 | Lair:3   | Killed a black mamba
 11076 | Lair:3   | Reached skill level 13 in Fighting
 11330 | Lair:3   | Reached skill level 5 in Dodging
 11341 | Lair:3   | Reached skill level 17 in Maces & Flails
 11600 | Lair:4   | Received a gift from Trog
 11607 | Lair:4   | Got a pitted giant spiked club {god gift}
 11608 | Lair:4   | Identified the +7 giant spiked club of Kiovvefe {antimagic, rC+ Str-4 Stlth+} (Trog gifted it to you on level 4 of the Lair of Beasts)
 11952 | Lair:4   | Noticed Urug
 12119 | Lair:4   | Killed Urug
 12119 | Lair:4   | Reached skill level 6 in Dodging
 12596 | Lair:4   | Reached skill level 14 in Fighting
 12596 | Lair:4   | Reached XP level 12. HP: 81/139 MP: 4/12
 12926 | Lair:4   | Noticed an eight-headed hydra
 12940 | Lair:4   | Killed an eight-headed hydra
 12973 | Lair:4   | Reached skill level 7 in Dodging
 13262 | Lair:5   | Noticed a death yak
 13262 | Lair:5   | Noticed a death yak
 13264 | Lair:5   | Noticed a death yak
 13264 | Lair:5   | Noticed a death yak
 13268 | Lair:5   | Found a dark tunnel.
 13365 | Volcano  | Entered a volcano
 13761 | Volcano  | Found a bloodstained altar of Trog.
 13772 | Volcano  | HP: 51/210 [lava snake (2)]
 14115 | Lair:5   | HP: 30/140 [crocodile (12)]
 14120 | Lair:5   | HP: 31/140 [poisoned by a black mamba]
 14126 | Lair:5   | HP: 30/140 [poisoned by a black mamba]
 14133 | Lair:5   | HP: 30/140 [poisoned by a black mamba]
 14141 | Lair:5   | HP: 31/140 [poisoned by a black mamba]
 14747 | Lair:5   | Killed a death yak
 14747 | Lair:5   | Reached skill level 18 in Maces & Flails
 14753 | Lair:5   | Found a hole to the Spider Nest.
 14825 | Lair:5   | Killed a death yak
 14848 | Lair:5   | Killed a death yak
 14850 | Lair:5   | Killed a death yak
 14850 | Lair:5   | Reached skill level 15 in Fighting
 14999 | Lair:5   | Reached skill level 8 in Dodging
 15292 | Lair:5   | Turgon: Hi - I think this is a terrible strong weapon!
 15294 | Lair:5   | kroki: ohio
 15294 | Lair:5   | kroki: well
 15294 | Lair:5   | kroki: it aint bad but
 15294 | Lair:5   | Turgon: oh!
 15294 | Lair:5   | kroki: where them scrolls at
 15299 | Lair:5   | kroki: heheh
 15889 | Lair:5   | kroki: how r u
 15891 | Lair:6   | Noticed a catoblepas
 15899 | Lair:5   | Turgon: concering crawl: retired
 15928 | Lair:6   | kroki: why is that so
 15928 | Lair:6   | Turgon: Well, I played for 3 and a half years
 15928 | Lair:6   | kroki: fucking 15 rune win every time? come on
 15932 | Lair:6   | Turgon: ... sometimes excessively
 16075 | Lair:6   | Reached XP level 13. HP: 150/150 MP: 13/13
 16175 | Lair:6   | Turgon: And if I don't like to play it's not worth doing it
 16209 | Lair:6   | Killed a catoblepas
 16276 | Lair:6   | kroki: well
 16276 | Lair:6   | kroki: i enjoy going to achievements
 16276 | Lair:6   | kroki: i got all species won, all backgrounds won
 16276 | Lair:6   | kroki: working on all berserkers won
 16276 | Lair:6   | kroki: all gods won done already
 16457 | Lair:6   | Noticed a catoblepas
 16465 | Lair:6   | Turgon: yes, that's one kind of challenge players can go for
 16476 | Lair:6   | Killed a catoblepas
 16476 | Lair:6   | Reached skill level 9 in Dodging
 16482 | Lair:6   | Turgon: My challenge always has been speedrunning and looking for records
 16513 | Lair:6   | kroki: o yeah nice highscore
 16513 | Lair:6   | kroki: s
 16513 | Lair:6   | kroki: i only got one combo hs
 16513 | Lair:6   | kroki: and its nothing impressive
 16661 | Lair:6   | Reached skill level 19 in Maces & Flails
 16794 | Lair:6   | Reached skill level 16 in Fighting
 17366 | Lair:6   | Turgon: One thing is: after I finally broke the 40 k border,
 17420 | Lair:7   | Noticed Snorg
 17421 | Lair:7   | Turgon: I think that every 15-runer with > 40 k is bad!
 17422 | Lair:7   | kroki: you gotta dive to get <40k
 17448 | Lair:7   | kroki: i will propably never get into speedrunning cause i love autoexplore
 17531 | Lair:7   | Found a frozen archway.
 17553 | Lair:7   | Received a gift from Trog
 17557 | Lair:7   | HP: 37/153 [ice beast (8)]
 17562 | Lair:7   | HP: 34/153 [poisoned by a spiny frog]
 17566 | Lair:7   | Got a bloodstained giant club {god gift}
 17567 | Lair:7   | Turgon: Yes, everyone can choose the challenge he likes
 17567 | Lair:7   | Identified the +4 giant club "Siuluo" {vamp, rElec MR+} (Trog gifted it to you on level 7 of the Lair of Beasts)
 17573 | Lair:7   | kroki: hah
 17573 | Lair:7   | kroki: not bad
 17573 | Lair:7   | Turgon: lol
 17601 | Lair:7   | Turgon: Trog suddenly seems to love vamp weapons
 17729 | IceCv    | Entered an ice cave
 17730 | IceCv    | kroki: i got first one from brand scroll
 18173 | IceCv    | kroki: check this out
 18175 | IceCv    | Turgon: Interesting choice: GC with MR or GSC
 18268 | IceCv    | kroki: danb
 18268 | IceCv    | kroki: damn
 18269 | IceCv    | kroki: good
 18274 | IceCv    | kroki: i love book grenades
 18377 | IceCv    | Noticed a frost giant
 18397 | IceCv    | Killed a frost giant
 18397 | IceCv    | Reached skill level 10 in Dodging
 18846 | IceCv    | Got an encrusted great mace
 18847 | IceCv    | Identified the +10 great mace of the Assorted Wars {pain, Dex+3} (You found it in an ice cave)
 18848 | IceCv    | kroki: heh
 19082 | Lair:7   | Killed Snorg
 19082 | Lair:7   | Reached skill level 17 in Fighting
 19155 | Lair:7   | Reached XP level 14. HP: 166/166 MP: 14/14
 19235 | Lair:7   | Found a staircase to the Slime Pits.
 19236 | Lair:7   | Found a viscous altar of Jiyva.
 19674 | Lair:7   | Reached skill level 20 in Maces & Flails
 20029 | Lair:8   | Entered Level 8 of the Lair of Beasts
 20890 | Lair:8   | Reached skill level 11 in Dodging
 21110 | Lair:8   | Gained mutation: You have very sharp teeth. [potion of beneficial mutation]
 21316 | Lair:8   | Reached skill level 18 in Fighting
 21649 | Lair:8   | Got a slimy tin ring
 22146 | D:4      | Bought a scroll of acquirement for 728 gold pieces
 22170 | D:4      | Bought a scroll of immolation for 49 gold pieces
 22170 | D:4      | Bought a scroll of enchant armour for 105 gold pieces
 22170 | D:4      | Bought a scroll of recharging for 133 gold pieces
 22332 | D:9      | Found a shadowy altar of Dithmenos.
 22351 | D:9      | Reached XP level 15. HP: 176/176 MP: 0/15
 22359 | D:9      | Found Ylegrem's Magic Scroll Emporium.
 22369 | D:9      | Bought a scroll of magic mapping for 35 gold pieces
 22369 | D:9      | Bought a scroll of magic mapping for 35 gold pieces
 22369 | D:9      | Bought a scroll of fog for 20 gold pieces
 22493 | D:9      | Received a gift from Trog
 22520 | D:9      | Identified the ring "Sipnola" {rN+ Stlth+} (You found it on level 8 of the Lair of Beasts)
 22601 | D:9      | Identified the Grimoire of Creative Translocation
 22670 | D:9      | Noticed Psyche
 22678 | D:9      | Killed Psyche
 22869 | D:9      | Found a burning altar of Makhleb.
 23092 | D:10     | Entered Level 10 of the Dungeon
 23258 | D:10     | Reached skill level 1 in Armour
 24011 | D:11     | Reached skill level 2 in Armour
 24038 | D:11     | Noticed Josephine
 24055 | D:11     | Killed Josephine
 24055 | D:11     | Reached skill level 12 in Dodging
 24174 | D:11     | Noticed Maurice
 24182 | D:11     | Killed Maurice
 24445 | D:11     | Received a gift from Trog
 24498 | D:11     | Noticed Fannar
 24515 | D:11     | Killed Fannar
 24850 | D:12     | Reached skill level 19 in Fighting
 24850 | D:12     | Reached skill level 3 in Armour
 25219 | D:12     | Found a staircase to the Orcish Mines.
 25316 | D:12     | Noticed Harold
 25332 | D:12     | Killed Harold
 26087 | Orc:1    | Entered Level 1 of the Orcish Mines
 26539 | Orc:2    | Found a bloodstained altar of Trog.
 26559 | Orc:2    | Received a gift from Trog
 26742 | Orc:2    | Noticed Sonja
 26838 | Orc:2    | Killed Sonja
 27588 | Orc:3    | Reached skill level 4 in Armour
 28024 | Orc:4    | Entered Level 4 of the Orcish Mines
 28106 | Orc:4    | Found Inaoliep's Armour Shoppe.
 28132 | Orc:4    | Found Jeduzikk's Weapon Emporium.
 28139 | Orc:4    | Found Tibeehicho's Distillery.
 28142 | Orc:4    | Found Uhunn's Gadget Boutique.
 28145 | Orc:4    | Received a gift from Trog
 28178 | Orc:4    | Found a labyrinth entrance.
 28189 | Lab      | Entered a labyrinth
 28411 | Lab      | Identified a +3 iron rod (12/12) (You found it in a labyrinth)
 28414 | Lab      | Identified a +2 lightning rod (14/14) (You found it in a labyrinth)
 28528 | Orc:4    | Found a staircase to the Elven Halls.
 28607 | Orc:4    | Found Asharch's Armour Emporium.
 29166 | Orc:4    | Found Ron Muc's Armour Emporium.
 29166 | Orc:4    | Found Duolin's Gadget Emporium.
 29166 | Orc:4    | Found Weucwed's Assorted Antiques.
 29171 | Orc:4    | Found Yfam's Antique Armour Shoppe.
 29370 | Orc:4    | Received a gift from Trog
 29404 | Orc:4    | Bought a potion of resistance for 130 gold pieces
 29404 | Orc:4    | Bought a potion of might for 52 gold pieces
 29404 | Orc:4    | Bought a potion of curing for 39 gold pieces
 29404 | Orc:4    | Bought 2 potions of invisibility for 208 gold pieces
 29404 | Orc:4    | Bought a potion of experience for 650 gold pieces
 29404 | Orc:4    | Bought a potion of curing for 39 gold pieces
 29404 | Orc:4    | Reached skill level 6 in Armour
 29404 | Orc:4    | Reached XP level 16. HP: 189/189 MP: 16/16
 29495 | D:13     | Noticed Rupert
 29503 | D:13     | Killed Rupert
 29503 | D:13     | Reached skill level 7 in Armour
 29548 | D:13     | Found Lapehoj's Blood Bar.
 29700 | D:13     | Reached XP level 17. HP: 198/198 MP: 17/17
 29776 | D:13     | Found Lasuas's Armour Emporium.
 29931 | D:13     | Noticed Azrael
 29945 | D:13     | Killed Azrael
 29994 | D:13     | Found a gate to the Vaults.
 30033 | D:13     | Noticed Erolcha
 30043 | D:13     | Killed Erolcha
 30043 | D:13     | Reached skill level 13 in Dodging
 30386 | D:13     | Reached skill level 20 in Fighting
 30501 | D:14     | Noticed Kirke
 30518 | D:14     | Killed Kirke
 30789 | D:9      | Bought a scroll of acquirement for 520 gold pieces
 30789 | D:9      | Bought a scroll of identify for 20 gold pieces
 30789 | D:9      | Bought a scroll of identify for 20 gold pieces
 30789 | D:9      | Bought a scroll of identify for 20 gold pieces
 30789 | D:9      | Bought a scroll of identify for 20 gold pieces
 31080 | D:14     | Got a crude silver ring
 31127 | D:14     | Identified the ring of Miwam {+Blink rElec rC+ MR+} (You found it on level 14 of the Dungeon)
 31258 | D:14     | Noticed Maud
 31271 | D:14     | Killed Maud
 31300 | D:14     | Reached skill level 8 in Armour
 31394 | D:14     | Received a gift from Trog
 31773 | D:15     | Entered Level 15 of the Dungeon
 32063 | D:15     | Got a pitted granite ring
 32065 | D:15     | Identified the ring "Jetudan" {rF- rC+ rN+ Int+3 Slay+2} (You found it on level 15 of the Dungeon)
 32385 | D:15     | Found a staircase to the Depths.
 32612 | D:15     | Noticed Louise
 32633 | D:15     | Killed Louise
 32633 | D:15     | Received a gift from Trog
 33042 | Elf:1    | Entered Level 1 of the Elven Halls
 33260 | Elf:1    | Reached skill level 9 in Armour
 33768 | Elf:1    | Received a gift from Trog
 33864 | Elf:1    | Reached skill level 21 in Fighting
 33885 | Elf:1    | Reached skill level 14 in Dodging
 34026 | Elf:1    | Found a deep blue altar of Sif Muna.
 34173 | Elf:1    | You fall through a shaft!
 34175 | Elf:2    | Noticed Norris
 34182 | Elf:2    | Reached XP level 18. HP: 213/213 MP: 18/18
 34206 | Elf:2    | Noticed a deep elf blademaster
 34209 | Elf:2    | Killed a deep elf blademaster
 34334 | Elf:2    | Cast into the Abyss (eveningstar of distortion)
 34454 | Elf:2    | Escaped the Abyss
 34505 | Elf:2    | Received a gift from Trog
 34511 | Elf:2    | Found a runed gate.
 34512 | Elf:2    | Found a runed gate.
 34522 | Elf:2    | Found a runed gate.
 34527 | Elf:2    | Noticed Jorgrun
 34549 | Elf:2    | Killed Jorgrun
 34712 | Elf:2    | Killed Norris
 34712 | Elf:2    | Reached skill level 10 in Armour
 35076 | Elf:2    | Received a gift from Trog
 35098 | Elf:2    | Got a shimmering giant spiked club {god gift}
 35099 | Elf:2    | Identified the +6 giant spiked club "Lifebane" {freeze, Str+5} (Trog gifted it to you on level 2 of the Elven Halls)
 35129 | Elf:2    | Reached skill level 21 in Maces & Flails
 35205 | Elf:2    | Found Wihita's Magic Scroll Shoppe.
 35214 | Elf:2    | Bought a scroll of teleportation for 54 gold pieces
 35633 | Elf:2    | Received a gift from Trog
 35672 | Elf:2    | Reached skill level 22 in Fighting
 35764 | Elf:3    | Entered Level 3 of the Elven Halls
 35764 | Elf:3    | Noticed ololoev's ghost (mighty DrCK)
 35791 | Elf:3    | Killed ololoev's ghost
 35906 | Elf:3    | Noticed kae's ghost (mighty MiFi)
 35913 | Elf:3    | Killed kae's ghost
 36045 | Elf:3    | Reached skill level 15 in Dodging
 36118 | Elf:3    | Found Lyg Wume's Assorted Antiques.
 36124 | Elf:3    | Bought a potion of curing for 60 gold pieces
 36124 | Elf:3    | Bought a scroll of immolation for 70 gold pieces
 36124 | Elf:3    | Bought a potion of agility for 80 gold pieces
 36310 | Elf:3    | Found Rutwi's Antique Weapon Shoppe.
 36317 | Elf:3    | Received a gift from Trog
 36509 | Elf:3    | Reached XP level 19. HP: 226/226 MP: 19/19
 36542 | Elf:3    | Reached skill level 11 in Armour
 36572 | Elf:3    | Received a gift from Trog
 36597 | Elf:3    | Got a smoking amber ring
 36598 | Elf:3    | Identified the ring of Cowardice {SustAt rPois Int+9} (You took it off a deep elf demonologist on level 3 of the Elven Halls)
 37061 | Elf:3    | Got a coiled platinum ring
 37064 | Elf:3    | Identified the ring of Disakhlovuu {rElec Str+4 Stlth-} (You took it off a deep elf demonologist on level 3 of the Elven Halls)
 37175 | Elf:3    | Reached skill level 16 in Dodging
 37216 | Elf:3    | Got a brightly glowing steel ring
 37217 | Elf:3    | Identified the ring "Aveh" {Fire +Blink rElec Int+10 Stlth-} (You took it off a deep elf knight on level 3 of the Elven Halls)
 37282 | Elf:3    | Noticed a Brimstone Fiend
 37287 | Elf:3    | Found Uxzok's Magic Scroll Shop.
 37814 | Elf:3    | Found Oguqo's Antique Armour Shoppe.
 37955 | Elf:3    | Received a gift from Trog
 38165 | Elf:3    | Bought a scroll of identify for 34 gold pieces
 38165 | Elf:3    | Bought a scroll of fear for 59 gold pieces
 38165 | Elf:3    | Bought a scroll of immolation for 59 gold pieces
 38165 | Elf:3    | Bought a scroll of recharging for 161 gold pieces
 38165 | Elf:3    | Bought a scroll of remove curse for 51 gold pieces
 38297 | Orc:4    | Bought a scroll of enchant armour for 277 gold pieces
 38681 | Spider:1 | Entered Level 1 of the Spider Nest
 38902 | Spider:1 | Reached skill level 12 in Armour
 38919 | Spider:1 | Received a gift from Trog
 39368 | Spider:2 | Noticed Arachne
 39388 | Spider:2 | Paralysed by a hornet for 2 turns
 40514 | Spider:2 | Killed Arachne
 40556 | Spider:2 | Received a gift from Trog
 41358 | Spider:4 | Entered Level 4 of the Spider Nest
 41382 | Spider:4 | Reached XP level 20. HP: 236/236 MP: 0/20
 41435 | Spider:4 | Noticed Charly's ghost (mighty OgSk)
 41453 | Spider:4 | Killed Charly's ghost
 41508 | Spider:4 | Received a gift from Trog
 41537 | Spider:4 | Reached skill level 17 in Dodging
 41561 | Spider:4 | Got a twisted giant spiked club {god gift}
 41562 | Spider:4 | Identified the +7 giant spiked club "Fedo" {crush, rPois rC- MR+ Dex+6} (Trog gifted it to you on level 4 of the Spider Nest)
 41925 | Spider:4 | Reached skill level 13 in Armour
 41940 | Spider:4 | Received a gift from Trog
 42000 | Spider:4 | Got a gossamer rune of Zot
 42742 | Shoals:1 | Entered Level 1 of the Shoals
 43032 | Shoals:1 | Noticed Frances
 43047 | Shoals:1 | Killed Frances
 43047 | Shoals:1 | Received a gift from Trog
 44180 | Shoals:3 | Reached skill level 14 in Armour
 44189 | Shoals:3 | Received a gift from Trog
 44318 | Shoals:3 | Reached skill level 18 in Dodging
 44990 | Shoals:4 | Entered Level 4 of the Shoals
 45108 | Shoals:4 | Noticed Ilsuiw
 45113 | Shoals:4 | Reached XP level 21. HP: 243/245 MP: 21/21
 45122 | Shoals:4 | Killed Ilsuiw
 45314 | Shoals:4 | Received a gift from Trog
 45349 | Shoals:4 | HP: 53/245 [drowned by a water nymph (12)]
 45895 | Shoals:4 | Received a gift from Trog
 45930 | Shoals:4 | Got a barnacled rune of Zot
 46807 | Vaults:1 | Entered Level 1 of the Vaults
 46955 | Vaults:1 | Received a gift from Trog
 47057 | Vaults:1 | Reached skill level 15 in Armour
 47159 | Vaults:1 | Received a gift from Trog
 47393 | Vaults:1 | Reached skill level 19 in Dodging
 47446 | Vaults:1 | Received a gift from Trog
 48178 | Vaults:2 | Received a gift from Trog
 48225 | Vaults:2 | Got a bloodstained giant club {god gift}
 48226 | Vaults:2 | Identified the +7 giant club of Epeosuah {crush, rElec MR- Dex+5 Stlth+} (Trog gifted it to you on level 2 of the Vaults)
 48343 | Vaults:2 | Found Nirhukim's Armour Emporium.
 48800 | Vaults:2 | Reached XP level 22. HP: 251/254 MP: 22/22
 48829 | Vaults:2 | Received a gift from Trog
 49269 | Vaults:2 | Found a staircase to the Crypt.
 49602 | Crypt:1  | Entered Level 1 of the Crypt
 49764 | Crypt:1  | Noticed Mara
 49778 | Crypt:1  | Killed Mara
 49778 | Crypt:1  | Reached skill level 22 in Maces & Flails
 50635 | Crypt:2  | Reached skill level 23 in Maces & Flails
 51085 | Crypt:3  | Entered Level 3 of the Crypt
 51563 | Crypt:3  | Noticed a curse toe
 51573 | Crypt:3  | Killed a curse toe
 51583 | Crypt:3  | Found a staircase to the Tomb.
 51780 | Crypt:3  | Reached skill level 24 in Maces & Flails
 52327 | Crypt:3  | Noticed an ancient lich
 52477 | Crypt:3  | Killed an ancient lich
 52498 | Crypt:3  | Reached XP level 23. HP: 198/263 MP: 7/23
 52505 | Crypt:3  | Got a bound brass ring
 52508 | Crypt:3  | Got a bloodstained cloak
 52519 | Crypt:3  | Identified the +2 cloak of the Countless Eyes {rC+ Str+3 Stlth+} (You acquired it on level 3 of the Crypt)
 52521 | Crypt:3  | Identified the ring of Dishonesty {rC+ Dex+3} (You took it off a skeletal warrior on level 3 of the Crypt)
 52530 | Crypt:3  | Identified Kikubaaqudgha's Catalogue of Intimidation
 52542 | Crypt:3  | Received a gift from Trog
 53364 | Vaults:3 | Noticed Sojobo
 53377 | Vaults:3 | Killed Sojobo
 53497 | Vaults:3 | Reached skill level 16 in Armour
 53500 | Vaults:3 | Received a gift from Trog
 54437 | Vaults:4 | Received a gift from Trog
 54870 | Vaults:4 | Reached skill level 20 in Dodging
 54936 | Vaults:4 | Received a gift from Trog
 55258 | Vaults:5 | Entered Level 5 of the Vaults
 55269 | Vaults:5 | Reached skill level 25 in Maces & Flails
 55275 | Vaults:5 | Reached skill level 23 in Fighting
 55299 | Vaults:5 | Reached XP level 24. HP: 211/278 MP: 23/23
 55311 | Vaults:5 | Received a gift from Trog
 55365 | Vaults:5 | Noticed kroki's ghost (great DrBe)
 55406 | Vaults:5 | Killed kroki's ghost
 55457 | Vaults:5 | Received a gift from Trog
 55462 | Vaults:5 | Noticed an ancient lich
 55472 | Vaults:5 | Killed an ancient lich
 55884 | Vaults:5 | Got a ring of the Octopus King
 55886 | Vaults:5 | Identified a ring of the Octopus King {Wiz AC+1 EV+1 Str+1 Int+1 Dex+1} (You took it off a deep elf fighter on level 5 of the Vaults)
 55924 | Vaults:5 | Found Atzohuome's Antique Armour Shoppe.
 55944 | Vaults:5 | Received a gift from Trog
 55966 | Vaults:5 | Identified Mockoidgh's Papyrus of Boosting Dark Rituals
 56178 | Vaults:5 | Found Iropig's Magic Scroll Boutique.
 56178 | Vaults:5 | Found Tyt Qun's Food Shoppe.
 56182 | Vaults:5 | Bought a scroll of teleportation for 45 gold pieces
 56182 | Vaults:5 | Bought a scroll of teleportation for 45 gold pieces
 56182 | Vaults:5 | Bought a scroll of identify for 30 gold pieces
 56182 | Vaults:5 | Bought a scroll of enchant weapon for 112 gold pieces
 56182 | Vaults:5 | Bought a scroll of teleportation for 45 gold pieces
 56182 | Vaults:5 | Bought a scroll of magic mapping for 52 gold pieces
 56195 | Vaults:5 | Found Deuguisi's Distillery.
 56203 | Vaults:5 | Bought 2 potions of haste for 320 gold pieces
 56203 | Vaults:5 | Bought a potion of curing for 48 gold pieces
 56203 | Vaults:5 | Bought a potion of cancellation for 128 gold pieces
 56203 | Vaults:5 | Bought a potion of curing for 48 gold pieces
 56203 | Vaults:5 | Bought a potion of heal wounds for 80 gold pieces
 56211 | Vaults:5 | Found Damoroeca's Magic Scroll Shoppe.
 56330 | Vaults:5 | Reached skill level 17 in Armour
 56359 | Vaults:5 | Got a silver rune of Zot
 56554 | Vaults:5 | Received a gift from Trog
 56598 | Vaults:5 | Found Omonn's Distillery.
 56598 | Vaults:5 | Found Xetiot's Magic Scroll Boutique.
 56601 | Vaults:5 | Found Ysmiemei's Food Shop.
 56602 | Vaults:5 | Bought a potion of heal wounds for 55 gold pieces
 56602 | Vaults:5 | Bought a potion of beneficial mutation for 385 gold pieces
 56602 | Vaults:5 | Bought a potion of resistance for 110 gold pieces
 56602 | Vaults:5 | Bought a potion of agility for 44 gold pieces
 56602 | Vaults:5 | Bought 2 potions of resistance for 220 gold pieces
 56602 | Vaults:5 | Bought a potion of brilliance for 44 gold pieces
 56602 | Vaults:5 | Gained mutation: You possess an exceptional clarity of mind. [potion of beneficial mutation]
 56702 | Vaults:5 | Found Zusayh's Distillery.
 56982 | Depths:1 | Entered Level 1 of the Depths
 56996 | Depths:1 | Found a gateway to Hell.
 57030 | Depths:1 | Found Poluon's Pet Rocks.
 57041 | Depths:1 | Reached skill level 26 in Maces & Flails
 57077 | Depths:1 | Found Pumupsog's Food Shoppe.
 57235 | Depths:1 | Reached skill level 24 in Fighting
 57265 | Depths:1 | Reached XP level 25. HP: 289/289 MP: 23/23
 57314 | Depths:1 | Received a gift from Trog
 58072 | Depths:2 | Received a gift from Trog
 58623 | Depths:2 | Reached skill level 21 in Dodging
 58676 | Depths:2 | Received a gift from Trog
 58684 | Depths:2 | Got an iridescent giant spiked club {god gift}
 58685 | Depths:2 | Identified the +4 giant spiked club "Didapn" {venom, rElec} (Trog gifted it to you on level 2 of the Depths)
 58920 | Depths:2 | Got a pitted brass ring
 58921 | Depths:2 | Identified the ring "Wuiseol" {rElec rF+ MR+ SInv} (You took it off a hell knight on level 2 of the Depths)
 59075 | Depths:2 | Found a one-way gate leading to the halls of Pandemonium.
 59166 | Depths:3 | Received a gift from Trog
 59380 | Depths:3 | HP: 57/293 [flayed ghost/flay_damage (32)]
 59388 | Depths:3 | HP: 68/293 [redback (4)]
 59547 | Depths:3 | Reached skill level 25 in Fighting
 59681 | Depths:3 | Gained mutation: You have a pair of small horns on your head. [potion of beneficial mutation]
 60189 | Depths:3 | Got a shimmering turquoise ring
 60190 | Depths:3 | Identified the ring "Xoxka" {MP+9 Str+6} (You found it on level 3 of the Depths)
 60524 | Hell     | Entered the Vestibule of Hell
 60524 | Hell     | Noticed Geryon
 60599 | Depths:4 | Reached XP level 26. HP: 300/305 MP: 23/23
 60640 | Depths:4 | Received a gift from Trog
 60871 | Depths:4 | Found a one-way gate to the infinite horrors of the Abyss.
 60922 | Depths:4 | Found Urisesch's General Store.
 61002 | Depths:4 | Reached skill level 27 in Maces & Flails
 61002 | Depths:4 | Reached skill level 18 in Armour
 61112 | Depths:4 | Found a gateway to a ziggurat.
 61140 | Depths:4 | Found Agero's General Store.
 61456 | Depths:4 | Received a gift from Trog
 61573 | Depths:4 | Gained mutation: You are clumsy. (Dex -2) [a cacodemon]
 61655 | Zig:1    | Entered Level 1 of a ziggurat
 61731 | Zig:2    | Entered Level 2 of a ziggurat
 62028 | Zig:3    | Entered Level 3 of a ziggurat
 62171 | Zig:4    | Entered Level 4 of a ziggurat
 62347 | Zig:5    | Entered Level 5 of a ziggurat
 62397 | Zig:5    | Got a glittering ivory ring
 62398 | Zig:5    | Identified the ring "Zepuwk" {rC+ MP+9 Str+4} (You found it on level 5 of a ziggurat)
 62421 | Zig:6    | Entered Level 6 of a ziggurat
 62427 | Zig:6    | Noticed an ancient lich
 62450 | Zig:6    | Killed an ancient lich
 62593 | Zig:7    | Entered Level 7 of a ziggurat
 62610 | Zig:7    | Received a gift from Trog
 62994 | Zig:8    | Entered Level 8 of a ziggurat
 63235 | Zig:9    | Entered Level 9 of a ziggurat
 63320 | Zig:9    | Reached skill level 26 in Fighting
 63320 | Zig:9    | Reached skill level 22 in Dodging
 63320 | Zig:9    | Reached XP level 27. HP: 136/318 MP: 23/23
 63805 | Depths:5 | Entered Level 5 of the Depths
 64089 | Depths:5 | Received a gift from Trog
 64593 | Depths:5 | Found a runed door.
 64593 | Depths:5 | Found a runed door.
 64650 | Depths:5 | Found a runed door.
 64720 | Depths:5 | Found a runed door.
 64755 | Depths:5 | Found a runed door.
 64774 | Depths:5 | Found a runed door.
 64782 | Depths:5 | Reached skill level 19 in Armour
 65029 | Depths:5 | Found a gate to the Realm of Zot.
 65233 | Zot:1    | Entered Level 1 of the Realm of Zot
 65373 | Zot:2    | Reached skill level 27 in Fighting
 65808 | Zot:5    | Entered Level 5 of the Realm of Zot
 66049 | Zot:5    | Noticed an ancient lich
 66050 | Zot:5    | Received a gift from Trog
 66066 | Zot:5    | Killed an ancient lich
 66066 | Zot:5    | Reached skill level 23 in Dodging
 66068 | Zot:5    | Noticed an orb of fire
 66086 | Zot:5    | Killed an orb of fire
 66126 | Zot:5    | Noticed an ancient lich
 66141 | Zot:5    | Killed an ancient lich
 66186 | Zot:5    | Noticed an orb of fire
 66194 | Zot:5    | Noticed an ancient lich
 66208 | Zot:5    | Killed an orb of fire
 66216 | Zot:5    | Killed an ancient lich
 66216 | Zot:5    | Reached skill level 20 in Armour
 66582 | Zot:5    | Got the Orb of Zot
 66817 | Zot:1    | HP: 80/323 [??? (62)]
 66938 | Depths:4 | Found a runed door.
 66942 | Depths:4 | Found a runed door.
 66944 | Depths:4 | HP: 76/323 [hell knight/enchanted glaive (21)]
 67017 | Depths:3 | Noticed Togaidomm the pandemonium lord
 67045 | Depths:2 | Noticed Keheung the pandemonium lord
 67052 | Depths:1 | Gained mutation: You are very clumsy. (Dex -4) [mutagenic glow]
 67129 | D:15     | Gained mutation: Potions and wands are less effective at restoring your health. [mutagenic glow]
 67256 | D:11     | Gained mutation: You are frail (-10% HP). [mutagenic glow]
 67300 | D:10     | Noticed Daggujonom the pandemonium lord
 67306 | D:10     | Lost mutation: You have a pair of small horns on your head. [potion of cure mutation]
 67306 | D:10     | Lost mutation: You are frail (-10% HP). [potion of cure mutation]
 67306 | D:10     | Lost mutation: You are very clumsy. (Dex -4) [potion of cure mutation]
 67330 | D:11     | Gained mutation: Your magical capacity is low (-10% MP). [mutagenic glow]
 67394 | D:10     | Gained mutation: Armour fits poorly on your strangely shaped body. [mutagenic glow]
 67433 | D:9      | Gained mutation: You are very clumsy. (Dex -4) [mutagenic glow]
 67560 | D:4      | Noticed an ancient lich
 67562 | D:4      | Noticed Laorac the pandemonium lord
 67578 | D:4      | Killed Laorac the pandemonium lord
 67581 | D:4      | Killed an ancient lich
 67586 | D:4      | Noticed Xaottele the pandemonium lord
 67643 | D:1      | Lost mutation: Your magical capacity is low (-10% MP). [potion of cure mutation]
 67643 | D:1      | Lost mutation: You are very clumsy. (Dex -4) [potion of cure mutation]
 67643 | D:1      | Lost mutation: You are clumsy. (Dex -2) [potion of cure mutation]
 67643 | D:1      | Lost mutation: You possess an exceptional clarity of mind. [potion of cure mutation]
 67643 | D:1      | Lost mutation: Armour fits poorly on your strangely shaped body. [potion of cure mutation]
 67661 | D:$      | Escaped with the Orb!

Vault maps used:
D:1:      saegor_arrival_simple_c
D:2:      first_bread, nicolae_ru_path_of_blood
D:3:      elyvilon_altar_5
D:4:      grunt_temple_overflow_gold_and_silver, lemuel_coloured_pillars_altar,
          lemuel_crystal_altar, temple_fountains, serial_shops, shop
D:6:      serial_shops, shop, uniq_blork_the_orc
D:7:      nicolae_tso_besieged_by_evil
D:8:      kiku_gazebo_pond_becter, lair_0_dummy
D:9:      kennysheep_mini_moat, serial_shops, nicolae_shop_crystal, basic_altar,
          uniq_psyche
D:10:     nrook_guardian_serpent_snake_passage
D:11:     uniq_maurice, uniq_josephine, uniq_fannar
D:12:     david_orc_2, uniq_harold
D:13:     erik_vaults_1, serial_shops, shop, hangedman_tell_no_tales,
          dk_noncrumbling_4, guppyfry_shop_blood, uniq_erolcha, uniq_azrael,
          uniq_kirke, uniq_rupert
D:14:     nicolae_two_hexagons, minmay_gold_behind_fungi, uniq_maud
D:15:     grunt_enter_depths_hoard, glass_columns_a, uniq_louise
Lair:2:   serial_bayou_pond_a, pond
Lair:3:   shoals_dummy_entry, disabler_island
Lair:4:   uniq_urug
Lair:5:   wad_woods_minihive, nicolae_spider_entry_orb_guardian,
          enter_volcano_3, columned_hall_lemuel
Lair:7:   beast_lair_carwin_large_4, slime_altar_1,
          portal_ice_cave_entry_ice_beasts, uniq_snorg
Lair:8:   evilmike_catoblepas_cave
Shoals:1: uniq_frances
Shoals:3: nicolae_shoals_seven_spires
Shoals:4: shoals_end_hangedman, shoal_ilsuiw, uniq_ilsuiw
Spider:2: spider_trap, uniq_arachne
Spider:4: grunt_spider_rune_parallel
Orc:2:    bloody_trog, uniq_sonja
Orc:3:    nicolae_orc_pool_cavern
Orc:4:    st_orc_mages, serial_shops, shop_fountains,
          nicolae_shop_temple_entry_statues_fountains, shop, nicolae_shop_stone,
          shop_statue, lab_entry_generic
Elf:1:    minmay_elf_crystal_heptagon, david_defended_altar_elf
Elf:2:    serial_shops, shop_statue, serial_sigils_hangedman_gut,
          nicolae_elf_stair_hall, uniq_jorgrun, uniq_norris
Elf:3:    minmay_elf_hall_x, serial_shops, shop, shop, shop,
          nicolae_shop_behind_doors
Vaults:1: v_misc_17, nicolae_vaults_big_ls, hangedman_vaults_corner_blocks,
          nicolae_vaults_three_branches, nicolae_vaults_windows_and_doors_thing,
          vaults_room_door_hall, ontoclasm_vaults_eye, ontoclasm_vaults_gateway
Vaults:2: minmay_crypt_entry_simple_walls, nicolae_vaults_disjoint_gnomons,
          hangedman_vaults_variations, ontoclasm_vaults_claustrophobia,
          special_room_vaults, nicolae_vaults_rhombus_7,
          ontoclasm_vaults_ligature, v_pattern_5, v_misc_15,
          nicolae_vaults_gold_heap, serial_shops, shop
Vaults:3: nicolae_vaults_puzzle_piece, nicolae_vaults_little_squares_3,
          st_lattice, hangedman_vaults_locks, nicolae_vaults_alarming,
          vaults_dpeg_diagonal, vaults_room_hallway, uniq_sojobo
Vaults:4: v_misc_29, ontoclasm_vaults_loading_screen, v_alt_pattern_3,
          v_misc_12, nicolae_vaults_shelves_hall, v_pattern_1,
          nicolae_vaults_asterisk, hangedman_vaults_river_flow, v_misc_28,
          vaults_room_door_ring, ontoclasm_vaults_ring_square,
          vaults_room_semicircle
Crypt:1:  grunt_ministairs_6, lemuel_dead_fish_pool, st_stairs_6,
          grunt_crypt_arrival_split, uniq_mara
Crypt:3:  david_glass_crypt
Depths:1: hell_entry, serial_shops, shop, grunt_decor_arrowhead,
          guppyfry_shop_earth
Depths:2: evilmike_diamond_2, nicolae_wwwww, rand_demon_pan_entry_3, hell_entry
Depths:3: lemuel_river_lethe, pan_entry, hell_entry
Depths:4: impenetrable_vault, enter_ziggurat_d, hangedman_abyss_entry_splay,
          serial_shops, nicolae_shop_stone, shop, grunt_hell_entry_dis_mu,
          rand_demon_pan_entry_4
Depths:5: evilmike_zot_entry_castle, pan_entry, hangedman_coc_ice_floe,
          minmay_misc_feat_secret_circle
Zot:1:    lemuel_halls_of_wrath, bh_zot_lava_cross
Zot:2:    guppyfry_library_mini, grunt_megastairs_4
Zot:3:    grunt_zot_stairs_overgrown, st_stairs_1
Zot:4:    grunt_ministairs_5, hangedman_zot_decor_slant
Zig:5:    ziggurat_loot_1
Lab:      lab_fountain
IceCv:    ice_cave_small_giant
Volcano:  volcano_grotto

Action                   |  1- 3 |  4- 6 |  7- 9 | 10-12 | 13-15 | 16-18 | 19-21 | 22-24 | 25-27 || total
-------------------------+-------+-------+-------+-------+-------+-------+-------+-------+-------++-------
Melee: Mace              |    92 |       |       |       |       |       |       |       |       ||    92
       Flail             |    32 |    90 |       |       |       |       |       |       |       ||   122
       Giant club        |       |    24 |   219 |    13 |  1294 |   933 |  1798 |   131 |       ||  4412
       Great mace        |       |       |       |   165 |       |       |       |       |       ||   165
       Giant spiked club |       |       |       |   291 |   140 |       |       |  1340 |  1723 ||  3494
Throw: Large rock        |       |       |       |    22 |       |       |       |       |       ||    22
Invok: Berserk           |     2 |     2 |     4 |     8 |     6 |     6 |     2 |     5 |     3 ||    38
       Trog's Hand       |       |     1 |       |     2 |     3 |     5 |     5 |     9 |    18 ||    43
       Burn Spellbooks   |       |       |     2 |     2 |     6 |     1 |     6 |     8 |    10 ||    35
       Brothers in Arms  |       |       |       |     1 |     2 |     1 |     1 |     7 |     2 ||    14
Evoke: Wand              |       |     2 |       |     4 |     8 |    12 |     5 |     2 |    28 ||    61
  Use: Scroll            |     8 |     7 |     4 |    11 |    15 |    22 |    27 |     8 |    42 ||   144
       Potion            |       |     1 |       |     1 |     4 |     2 |    13 |     4 |    16 ||    41
 Stab: Sleeping          |       |       |     2 |       |       |       |       |       |       ||     2
       Distracted        |       |       |       |       |     2 |       |       |       |       ||     2
       Petrified         |       |       |       |       |     2 |       |       |       |       ||     2
       Invisible         |       |       |       |       |       |       |    13 |       |       ||    13
  Eat: Chunk             |     4 |    10 |    12 |    15 |    26 |     9 |     6 |     9 |     2 ||    93
       Beef jerky        |       |       |     1 |     2 |     1 |     1 |     2 |     2 |     2 ||    11
       Bread ration      |       |       |       |     4 |       |     3 |     5 |     6 |    11 ||    29
       Fruit             |       |       |       |     1 |    10 |     3 |    10 |     2 |       ||    26
       Meat ration       |       |       |       |     1 |     5 |       |       |       |       ||     6
       Pizza             |       |       |       |     1 |     2 |       |     5 |     2 |     1 ||    11
       Royal jelly       |       |       |       |     1 |     1 |     4 |     1 |     2 |       ||     9

Vault maps used:
D:1:      saegor_arrival_simple_c
D:2:      first_bread, nicolae_ru_path_of_blood
D:3:      elyvilon_altar_5
D:4:      grunt_temple_overflow_gold_and_silver, lemuel_coloured_pillars_altar,
          lemuel_crystal_altar, temple_fountains, serial_shops, shop
D:6:      serial_shops, shop, uniq_blork_the_orc
D:7:      nicolae_tso_besieged_by_evil
D:8:      kiku_gazebo_pond_becter, lair_0_dummy
D:9:      kennysheep_mini_moat, serial_shops, nicolae_shop_crystal, basic_altar,
          uniq_psyche
D:10:     nrook_guardian_serpent_snake_passage
D:11:     uniq_maurice, uniq_josephine, uniq_fannar
D:12:     david_orc_2, uniq_harold
D:13:     erik_vaults_1, serial_shops, shop, hangedman_tell_no_tales,
          dk_noncrumbling_4, guppyfry_shop_blood, uniq_erolcha, uniq_azrael,
          uniq_kirke, uniq_rupert
D:14:     nicolae_two_hexagons, minmay_gold_behind_fungi, uniq_maud
D:15:     grunt_enter_depths_hoard, glass_columns_a, uniq_louise
Lair:2:   serial_bayou_pond_a, pond
Lair:3:   shoals_dummy_entry, disabler_island
Lair:4:   uniq_urug
Lair:5:   wad_woods_minihive, nicolae_spider_entry_orb_guardian,
          enter_volcano_3, columned_hall_lemuel
Lair:7:   beast_lair_carwin_large_4, slime_altar_1,
          portal_ice_cave_entry_ice_beasts, uniq_snorg
Lair:8:   evilmike_catoblepas_cave
Shoals:1: uniq_frances
Shoals:3: nicolae_shoals_seven_spires
Shoals:4: shoals_end_hangedman, shoal_ilsuiw, uniq_ilsuiw
Spider:2: spider_trap, uniq_arachne
Spider:4: grunt_spider_rune_parallel
Orc:2:    bloody_trog, uniq_sonja
Orc:3:    nicolae_orc_pool_cavern
Orc:4:    st_orc_mages, serial_shops, shop_fountains,
          nicolae_shop_temple_entry_statues_fountains, shop, nicolae_shop_stone,
          shop_statue, lab_entry_generic
Elf:1:    minmay_elf_crystal_heptagon, david_defended_altar_elf
Elf:2:    serial_shops, shop_statue, serial_sigils_hangedman_gut,
          nicolae_elf_stair_hall, uniq_jorgrun, uniq_norris
Elf:3:    minmay_elf_hall_x, serial_shops, shop, shop, shop,
          nicolae_shop_behind_doors
Vaults:1: v_misc_17, nicolae_vaults_big_ls, hangedman_vaults_corner_blocks,
          nicolae_vaults_three_branches, nicolae_vaults_windows_and_doors_thing,
          vaults_room_door_hall, ontoclasm_vaults_eye, ontoclasm_vaults_gateway
Vaults:2: minmay_crypt_entry_simple_walls, nicolae_vaults_disjoint_gnomons,
          hangedman_vaults_variations, ontoclasm_vaults_claustrophobia,
          special_room_vaults, nicolae_vaults_rhombus_7,
          ontoclasm_vaults_ligature, v_pattern_5, v_misc_15,
          nicolae_vaults_gold_heap, serial_shops, shop
Vaults:3: nicolae_vaults_puzzle_piece, nicolae_vaults_little_squares_3,
          st_lattice, hangedman_vaults_locks, nicolae_vaults_alarming,
          vaults_dpeg_diagonal, vaults_room_hallway, uniq_sojobo
Vaults:4: v_misc_29, ontoclasm_vaults_loading_screen, v_alt_pattern_3,
          v_misc_12, nicolae_vaults_shelves_hall, v_pattern_1,
          nicolae_vaults_asterisk, hangedman_vaults_river_flow, v_misc_28,
          vaults_room_door_ring, ontoclasm_vaults_ring_square,
          vaults_room_semicircle
Crypt:1:  grunt_ministairs_6, lemuel_dead_fish_pool, st_stairs_6,
          grunt_crypt_arrival_split, uniq_mara
Crypt:3:  david_glass_crypt
Depths:1: hell_entry, serial_shops, shop, grunt_decor_arrowhead,
          guppyfry_shop_earth
Depths:2: evilmike_diamond_2, nicolae_wwwww, rand_demon_pan_entry_3, hell_entry
Depths:3: lemuel_river_lethe, pan_entry, hell_entry
Depths:4: impenetrable_vault, enter_ziggurat_d, hangedman_abyss_entry_splay,
          serial_shops, nicolae_shop_stone, shop, grunt_hell_entry_dis_mu,
          rand_demon_pan_entry_4
Depths:5: evilmike_zot_entry_castle, pan_entry, hangedman_coc_ice_floe,
          minmay_misc_feat_secret_circle
Zot:1:    lemuel_halls_of_wrath, bh_zot_lava_cross
Zot:2:    guppyfry_library_mini, grunt_megastairs_4
Zot:3:    grunt_zot_stairs_overgrown, st_stairs_1
Zot:4:    grunt_ministairs_5, hangedman_zot_decor_slant
Zig:5:    ziggurat_loot_1
Lab:      lab_fountain
IceCv:    ice_cave_small_giant
Volcano:  volcano_grotto

Table legend:
 A = Turns spent in this place as a percentage of turns spent in the entire game.
 B = Non-inter-level travel turns spent in this place as a percentage of non-inter-level travel turns spent in the entire game.
 C = Inter-level travel turns spent in this place as a percentage of turns spent in this place.
 D = Turns resting spent in this place as a percentage of non-inter-level travel turns spent in this place.
 E = Turns spent auto-exploring this place as a percentage of non-inter-level travel turns spent in this place.
 F = Non-inter-level travel turns spent in this place divided by the number of levels of this place that you've seen.
                   A       B       C       D       E      F
               +-------+-------+-------+-------+-------+----------------------
         Total | 100.0 | 100.0 |   0.5 |   1.7 |   6.3 | 452.8
       Dungeon |  18.5 |  18.4 |   0.9 |   1.1 |   8.6 | 389.0
          Lair |  14.1 |  14.1 |   0.4 |   4.0 |   5.7 | 559.1
        Shoals |   7.4 |   7.4 |   0.3 |   1.0 |   5.9 | 584.8
   Spider Nest |   6.9 |   6.9 |   0.3 |   1.2 |   5.0 | 546.0
  Orcish Mines |   5.2 |   5.2 |   1.0 |   0.8 |   8.3 | 410.5
   Elven Halls |   7.5 |   7.5 |   0.4 |   2.4 |   5.9 | 790.0
        Vaults |  13.3 |  13.3 |   0.1 |   0.5 |   7.9 | 844.6
         Crypt |   5.5 |   5.5 |   0.3 |   1.6 |   4.5 | 581.3
        Depths |  13.9 |  13.9 |   0.4 |   0.3 |   5.5 | 881.0
          Hell |   0.0 |   0.0 |   0.0 |   0.0 |   0.0 |   3.0
           Zot |   2.8 |   2.8 |   1.0 |   2.7 |   0.3 | 178.2
         Abyss |   0.4 |   0.4 |   0.0 |   3.5 |   0.0 | 114.0
      Ziggurat |   2.1 |   2.1 |   0.0 |   6.4 |   4.6 |  75.0
     Labyrinth |   0.7 |   0.7 |   0.0 |   3.1 |   0.0 | 226.0
      Ice Cave |   1.1 |   1.1 |   0.0 |   3.4 |   4.5 | 353.0
       Volcano |   0.7 |   0.7 |   0.0 |  10.0 |   5.5 | 219.0
               +-------+-------+-------+-------+-------+----------------------

Table legend:
 A = Kills in this place as a percentage of kills in entire the game.
 B = Kills by you in this place as a percentage of kills by you in the entire game.
 C = Kills by friends in this place as a percentage of kills by friends in the entire game.
 D = Other kills in this place as a percentage of other kills in the entire game.
 E = Experience gained in this place as a percentage of experience gained in the entire game.
 F = Experience gained in this place divided by the number of levels of this place that you have seen.
                   A       B       C       D       E      F
               +-------+-------+-------+-------+-------+----------------------
         Total | 100.0 | 100.0 | 100.0 | 100.0 | 100.0 | 20867.9
       Dungeon |  16.5 |  16.8 |   0.0 |   0.0 |   6.7 | 6508.5
          Lair |  12.3 |  12.3 |   8.6 |  14.3 |   4.8 | 8843.9
        Shoals |   5.9 |   5.9 |   0.0 |  28.6 |   6.0 | 21930.5
   Spider Nest |   6.5 |   6.5 |  11.4 |   0.0 |   5.6 | 20398.0
  Orcish Mines |   8.4 |   8.6 |   0.0 |   0.0 |   0.8 | 3028.2
   Elven Halls |   6.4 |   6.5 |   0.0 |   0.0 |   9.3 | 45496.3
        Vaults |  16.8 |  16.3 |  62.9 |   0.0 |  21.6 | 63069.0
         Crypt |   4.4 |   4.3 |  17.1 |   0.0 |   6.8 | 33028.0
        Depths |  14.5 |  14.6 |   0.0 |  42.9 |  21.3 | 62178.4
           Zot |   3.0 |   3.0 |   0.0 |  14.3 |  12.1 | 35251.4
         Abyss |   0.1 |   0.1 |   0.0 |   0.0 |   0.1 | 1591.0
      Ziggurat |   3.2 |   3.2 |   0.0 |   0.0 |   4.0 | 6418.4
     Labyrinth |   0.1 |   0.1 |   0.0 |   0.0 |   0.1 | 1570.0
      Ice Cave |   1.3 |   1.3 |   0.0 |   0.0 |   0.7 | 10483.0
       Volcano |   0.4 |   0.4 |   0.0 |   0.0 |   0.1 | 1473.0
               +-------+-------+-------+-------+-------+----------------------
